← All builds
Tech / Armada / Economy first / OBSERVED BUILD

Standard tech

Armada Tech (Eco) build order · Supreme Isthmus

Rushes T2 factory and T2 constructor to supply the team, upgrading mexes first and sending the first T2 constructor to Geo before scaling its own eco.

Usually first T2 con to Geo (82%)

#eco #t2 #team support · 1779 distinct matches · 271 players · 59% of Armada Tech games · team won 54% of 2103 · Recently observed

HOW TO PLAY IT

Key timing: T2 factory by 4:15

  1. Open 3 mex and heavy wind to fund a fast T2 rush.
  2. Put down Bot Lab, planning to eat it for reclaim soon after.
  3. Get Advanced Bot Lab up, hitting the T2 factory rush timing.
  4. Upgrade mex to Advanced Metal Extractor to lock in team metal income.
  5. Eat Advanced Bot Lab and keep sending cons to Geo and Pond.

Phase by phase

TYPICAL OF ITS 1779 GAMES
  1. 1
  2. 2
  3. 3
  4. 4
PLAY THE OPENING

Follow the example game's first 6:00 step by step: what to build now, what comes next, and where it goes. At 1× it keeps pace with your own game.

  1. 1

    Up to the Bot Lab

    Economy
    • Metal Extractor3Mex
    • Wind Turbine4Wind
    Order
    1. Bot LabBot Lab after 3 mex, 4 winddone ~1:18, middle half 1:13–1:32

    Some games also: energy storage (32%)

    By 1:01 in all: 3 mex · 4 wind

    The example game in this phase · 3 steps
    1. Mex ×3
    2. Wind ×4
    3. Bot LabBot Labdone 1:19 · typical 1:18
  2. 2

    Bot Lab to Advanced Bot Lab

    Economy
    • Metal Extractor1Mex
    • Wind Turbine8Wind
    • Energy Storage1Energy storage
    Order
    1. Advanced Bot LabAdvanced Bot Lab after 4 mex, 12 wind, 3 con turretdone ~4:16, middle half 4:04–4:30
    Builders
    • Construction Turret3 Con turret
    • Lazarus3 Lazarus
    • Construction Bot2 Con bot
    • Construction Bot1 Con bot for allies

    Some games also: converter (36%)

    By 3:18 in all: 4 mex · 12 wind · 1 energy storage · 3 con turret

    The example game in this phase · 20 steps
    1. Construction BotCon bot
    2. Wind
    3. LazarusLazarus
    4. Wind
    5. LazarusLazarus
    6. Wind ×2
    7. Mex
    8. Wind
    9. Construction BotCon bot
    10. LazarusLazarus
    11. Con turret
    12. Wind
    13. Construction BotCon botfor Air
    14. Wind ×2
    15. Con turret
    16. Wind
    17. Con turret
    18. Wind ×2
    19. Energy storage
    20. Advanced Bot LabAdvanced Bot Labdone 4:14 · typical 4:16
  3. 3

    Advanced Bot Lab to 5:00

    Economy
    • Wind Turbine3Wind
    Order
    1. Bot LabEat Bot Lab
    Builders
    • Advanced Construction Bot1 T2 con bot for allies

    Some games also: converter (35%)

    By 5:00 in all: 4 mex · 15 wind · 1 converter · 1 energy storage · 3 con turret

    The example game in this phase · 14 steps
    1. Wind
    2. Bot LabEat Bot Labreclaimed for its metal
    3. Wind
    4. Converter
    5. Wind
    6. Converter
    7. Advanced Construction BotT2 con botfor Geo
    8. Converter
    9. Wind
    10. Converter ×2
    11. Advanced Metal ExtractorT2 mexdone 5:12 · typical 5:28
    12. Wind
    13. Converter
    14. FatboyFatboyfor Ponddone 5:54
  4. 4

    5:00 to 10:00

    Economy
    • Wind Turbine43Wind
    • Energy Converter6Converter
    Builders
    • Butler9 Butler
    • Advanced Construction Bot4 T2 con bot for allies
    • Advanced Construction Bot1 T2 con bot

    Some games also: con turret (42%) · Butler for allies (36%)

    By 10:00 in all: 4 mex · 59 wind · 8 converter · 1 energy storage · 3 con turret

    The example game in this phase · 225 steps
    1. Wind
    2. Converter
    3. Wind
    4. Converter
    5. Wind
    6. Advanced Construction BotT2 con botfor Air
    7. Wind
    8. Con turret
    9. Advanced Metal ExtractorT2 mex ×2
    10. Wind ×2
    11. HoundHoundfor Geo sea
    12. Wind
    13. Con turret
    14. Advanced Construction BotT2 con botfor Geo sea
    15. Wind
    16. ButlerButler ×2
    17. Wind
    18. Advanced Metal ExtractorT2 mex
    19. Advanced Construction BotT2 con botfor Beach sea
    20. Wind
    21. Advanced Construction BotT2 con botfor Pond
    22. Wind
    23. Advanced Construction BotT2 con botfor Front
    24. ButlerButler
    25. Wind
    26. ButlerButler ×2
    27. Wind
    28. ButlerButler
    29. Wind
    30. ButlerButler
    31. Wind ×2
    32. ButlerButler
    33. Wind ×2
    34. ButlerButler
    35. Wind
    36. ButlerButler
    37. Wind ×3
    38. ButlerButler
    39. Wind ×3
    40. ButlerButler
    41. Wind
    42. Converter
    43. ButlerButler
    44. Wind ×3
    45. Converter
    46. Wind
    47. ButlerButler
    48. Wind ×4
    49. Converter
    50. Wind
    51. UmbrellaAnti-nukedone 11:34
    52. Wind ×4
    53. Converter ×2
    54. Wind ×3
    55. Converter ×2
    56. Wind ×5
    57. Converter
    58. Wind ×2
    59. Converter
    60. Wind ×2
    61. Converter
    62. Wind
    63. Converter
    64. Wind ×3
    65. Converter
    66. Wind ×3
    67. Converter
    68. Wind ×5
    69. Converter
    70. Wind ×2
    71. Converter
    72. Wind ×4
    73. Converter
    74. Wind ×2
    75. Converter
    76. Wind ×6
    77. Converter
    78. Metal storage
    79. Wind
    80. Converter
    81. Wind ×6
    82. Converter
    83. Wind
    84. Vehicle PlantVehicle Plantdone 12:30
    85. Wind ×2
    86. Converter
    87. Wind
    88. Con turret
    89. Converter
    90. Wind ×3
    91. Advanced Bot LabEat Advanced Bot Labreclaimed for its metal
    92. Converter
    93. Wind ×2
    94. Vehicle PlantVehicle Plantdone 12:38
    95. Wind ×4
    96. Converter
    97. Wind ×2
    98. Con turret
    99. Wind
    100. Converter
    101. Vehicle PlantVehicle Plantdone 12:49
    102. Wind ×4
    103. Converter
    104. Wind
    105. Con turret
    106. StoutStout ×2
    107. Wind ×3
    108. Converter
    109. StoutStout
    110. Wind ×4
    111. Converter
    112. StoutStout
    113. Wind ×2
    114. StoutStout
    115. Wind
    116. StoutStout
    117. Wind
    118. StoutStout
    119. Converter ×2
    120. Wind
    121. StoutStout
    122. Converter
    123. Wind ×2
    124. Converter
    125. StoutStout
    126. Wind
    127. StoutStout
    128. Wind
    129. Vehicle PlantEat Vehicle Plantreclaimed for its metal
    130. Wind ×3
    131. Converter
    132. Vehicle PlantEat Vehicle Plantreclaimed for its metal
    133. Wind ×2
    134. StoutStout
    135. Converter
    136. Wind ×2
    137. Vehicle PlantEat Vehicle Plantreclaimed for its metal
    138. Wind ×3
    139. Converter
    140. Wind
    141. Aircraft PlantAircraft Plantdone 13:39
    142. Wind ×2
    143. Converter
    144. Aircraft PlantAircraft Plantdone 13:43
    145. Wind ×5
    146. FalconFighter ×2
    147. Converter
    148. FalconFighter
    149. Wind ×2
    150. Converter
    151. Wind
    152. FalconFighter
    153. Wind ×2
    154. FalconFighter ×2
    155. Wind ×2
    156. FalconFighter
    157. Converter
    158. Wind ×3
    159. FalconFighter ×2
    160. Converter
    161. Wind ×2
    162. FalconFighter
    163. Wind ×2
    164. FalconFighter
    165. Wind
    166. Converter
    167. FalconFighter
    168. Wind ×2
    169. FalconFighter
    170. Wind ×2
    171. FalconFighter ×2
    172. Wind ×2
    173. FalconFighter
    174. Converter
    175. Wind
    176. FalconFighter
    177. Wind
    178. Converter
    179. FalconFighter
    180. Wind
    181. FalconFighter
    182. Wind ×3
    183. FalconFighter ×2
    184. Wind
    185. Converter ×2
    186. Wind ×2
    187. FalconFighter
    188. Wind
    189. FalconFighter
    190. Wind
    191. FalconFighter
    192. Wind
    193. FalconFighter
    194. Wind ×3
    195. FalconFighter
    196. Wind
    197. Converter
    198. FalconFighter
    199. Converter
    200. Wind
    201. FalconFighter
    202. Wind ×2
    203. FalconFighter
    204. Wind ×2
    205. FalconFighter ×2
    206. Wind ×3
    207. Converter
    208. Wind
    209. FalconFighter
    210. Wind
    211. FalconFighter
    212. Wind
    213. Converter
    214. FalconFighter
    215. Wind
    216. FalconFighter
    217. Wind ×3
    218. FalconFighter ×2
    219. Converter
    220. Wind ×3
    221. FalconFighter
    222. Wind
    223. FalconFighter
    224. Wind
    225. Converter

Counts are medians over the build's games: half of them build more, half fewer. The example game is RiskyDonut's (32 OS, 15/10/2026); pick another.

Team trades

IN AT LEAST 30% OF ITS GAMES

You hand over

  • Construction Bot1 Con bot to Airfirst at 2:23 · in 83% of games
  • Advanced Construction Bot5 T2 con bot to Air or Pond or Geo seafirst at 4:51 · in 99% of games
  • Butler2 Butler to Geo sea or Beach sea or Pondfirst at 9:06 · in 42% of games

You get

  • Hercules1 Light transport from Airfirst at 4:01 · in 86% of games

How it plays out

Typical game of this build, running totals by minute

Metal produced

020k40k
0:005:0010:0015:00

metal

Enemy metal destroyed

050100
0:005:0010:0015:00

metal

Own metal lost

050100150
0:005:0010:0015:00

metal

2103 games.

Show as table
ByMetal produced: This buildEnemy metal destroyed: This buildOwn metal lost: This build
1:0038300
2:0091500
3:00165500
4:00314800
5:00484700
6:00580500
7:00724700
8:00908400
9:001121800
10:001354500
11:001626000
12:001967800
13:002346800
14:0027372074
15:003159093130
WHAT THE NUMBERS SAY

Standard Tech play barely fights at all early, instead pouring metal into T2 infrastructure and constructors for the team.

  • + Metal produced hits 31679 by 15:00, by far the highest of any role here.
  • + T2 factory reached in 97% of games by 4:15, fastest and most reliable T2 timing.
  • − Enemy metal destroyed stays at 0 through 10:00, no early offense at all.
  • − Own metal lost also near 0, showing total avoidance of combat risk.
THE EXAMPLE YOU ARE READING

RiskyDonut

32.2 OS · 15/10/2026

Open source match ↗

2 received units
2457 metal received · 30732 energy received

Allied construction assistance is unknown. Timings are observations, not a promise of solo reproducibility.

Typical milestones

Bot Lab1:18Middle 50%: 1:13–1:32 · n=2103
Advanced Bot Lab4:16Middle 50%: 4:04–4:30 · n=2096
Advanced Metal Extractor5:28Middle 50%: 5:05–5:58 · n=2099

Played most by

Amrissa97games of this buildTheGeneraI70games of this buildAdeus62games of this buildUncle_Cane60games of this buildCrouxy54games of this build